SL
BUFFALO WHITE WALKERS @ SAN MATEO DIRTY REDS
09/05/2038
 
TOP OF THE 1ST
Buffalo White Walkers batting - Pitching for San Mateo Dirty Reds : RHP Anastasio Cabanillas Jr.
Pitching: RHP Anastasio Cabanillas Jr.
Batting: LHB Jesús Lazcano 0-0: Foul Ball, location: 2F
0-1: Swinging Strike
0-2: Ball
1-2: Strikes out swinging
Batting: SHB Max Bortenschlager 0-0: Ball
1-0: Ball
2-0: Ball
3-0: Called Strike
3-1: Called Strike
3-2: Ground out 4-3 (Groundball, 4MS, EV 65.6 MPH)
Batting: SHB Je-myung Yu 0-0: Foul Ball, location: 2F
0-1: Foul Ball, location: 2F
0-2: Strikes out looking
Top of the 1st over - 0 runs, 0 hits, 0 errors, 0 left on base; Buffalo 0 - San Mateo 0
BOTTOM OF THE 1ST
San Mateo Dirty Reds batting - Pitching for Buffalo White Walkers : RHP Kent Good
Pitching: RHP Kent Good
Batting: LHB Richard Edwards 0-0: Ball
1-0: Ground out 4-3 (Groundball, 4, EV 81.2 MPH)
Batting: RHB Kameron Guangorena 0-0: Ball
1-0: Foul Ball, location: 2F
1-1: Ball
2-1: Ball
3-1: SINGLE (Line Drive, 7S, EV 95.6 MPH)
Batting: RHB Daniel McCoy 0-0: Swinging Strike
0-1: Ball
1-1: Ball
2-1: Foul Ball, location: 2F
2-2: Fly out, F9 (Flyball, 9S, EV 82.5 MPH)
Batting: LHB Palaie Gaoteote 0-0: Called Strike
0-1: Ball
1-1: Called Strike
1-2: Strikes out swinging
Bottom of the 1st over - 0 runs, 1 hit, 0 errors, 1 left on base; Buffalo 0 - San Mateo 0
TOP OF THE 2ND
Buffalo White Walkers batting - Pitching for San Mateo Dirty Reds : RHP Anastasio Cabanillas Jr.
Batting: RHB Derek Bangert 0-0: Ball
1-0: SINGLE (Line Drive, 6MD, EV 95.0 MPH)
Batting: LHB Dread Roberts 0-0: Ball
1-0: Grounds into double play, 4-6-3 (Groundball, 4M, EV 83.1 MPH)
Batting: RHB Tom Smythe 0-0: Called Strike
0-1: Fly out, F7 (Line Drive, 7, EV 95.6 MPH)
Top of the 2nd over - 0 runs, 1 hit, 0 errors, 0 left on base; Buffalo 0 - San Mateo 0
BOTTOM OF THE 2ND
San Mateo Dirty Reds batting - Pitching for Buffalo White Walkers : RHP Kent Good
Batting: SHB Dylan Carson 0-0: Foul Ball, location: 2F
0-1: Hit by Pitch
Batting: LHB Yao-pang Chiang 0-0: Ball
1-0: Ball
2-0: Ball
3-0: Base on Balls
Dylan Carson to second
Batting: RHB Sergio Vásquez 0-0: Called Strike
0-1: Ball
1-1: Called Strike
Dylan Carson steals 3rd, throwing error, E2
Dylan Carson scores
Yao-pang Chiang to third
1-2: Ball
2-2: Strikes out swinging
Batting: LHB Rio Mence 0-0: Called Strike
0-1: Ball
1-1: Ball
2-1: Foul Ball, location: 2F
2-2: Ball
3-2: Strikes out swinging
Batting: RHB Nelson Jaramillo 0-0: Foul Ball, location: 2F
0-1: Foul Ball, location: 2F
0-2: Foul Ball, location: 2F
0-2: Ground out 4-3 (Groundball, 4M, EV 81.9 MPH)
Bottom of the 2nd over - 1 run, 0 hits, 1 error, 1 left on base; Buffalo 0 - San Mateo 1
TOP OF THE 3RD
Buffalo White Walkers batting - Pitching for San Mateo Dirty Reds : RHP Anastasio Cabanillas Jr.
Batting: LHB Gilberto Ocasio 0-0: Ball
1-0: Foul Ball, location: 2F
1-1: Called Strike
1-2: Ground out 4-3 (Groundball, 4M, EV 83.8 MPH)
Batting: RHB Lester Kwiatkowski 0-0: Ball
1-0: Fly out, F8 (Flyball, 8LD, EV 103.8 MPH)
Batting: RHB Daryl Yandell 0-0: Ball
1-0: Ball
2-0: Foul Ball, location: 2F
2-1: Foul Ball, location: 2F
2-2: Ball
3-2: Foul Ball, location: 2F
3-2: SINGLE (Groundball, 56D, EV 97.5 MPH)
Batting: LHB Jesús Lazcano 0-0: Called Strike
0-1: SINGLE (Line Drive, 78M, EV 89.4 MPH)
Daryl Yandell to second
Batting: SHB Max Bortenschlager 0-0: Ball
1-0: Fly out, F9 (Flyball, 9S, EV 95.6 MPH)
Top of the 3rd over - 0 runs, 2 hits, 0 errors, 2 left on base; Buffalo 0 - San Mateo 1
BOTTOM OF THE 3RD
San Mateo Dirty Reds batting - Pitching for Buffalo White Walkers : RHP Kent Good
Batting: LHB Richard Edwards 0-0: Ball
1-0: Called Strike
1-1: Ball
2-1: Swinging Strike
2-2: Ball
3-2: Ground out 1-3 (Groundball, 13S, EV 71.2 MPH)
Batting: RHB Kameron Guangorena 0-0: Fly out, F7 (Flyball, 7LS, EV 91.9 MPH)
Batting: RHB Daniel McCoy 0-0: Swinging Strike
0-1: Ball
1-1: Foul Ball, location: 2F
1-2: Fly out, F8 (Flyball, 8RS, EV 76.2 MPH)
Bottom of the 3rd over - 0 runs, 0 hits, 0 errors, 0 left on base; Buffalo 0 - San Mateo 1
TOP OF THE 4TH
Buffalo White Walkers batting - Pitching for San Mateo Dirty Reds : RHP Anastasio Cabanillas Jr.
Batting: SHB Je-myung Yu 0-0: Foul Ball, location: 2F
0-1: Fly out, F9 (Flyball, 9LS, EV 75.0 MPH)
Batting: RHB Derek Bangert 0-0: Called Strike
0-1: Swinging Strike
0-2: Strikes out looking
Batting: LHB Dread Roberts 0-0: Ball
1-0: Foul Ball, location: 2F
1-1: Ball
2-1: Ball
3-1: Called Strike
3-2: Strikes out swinging
Top of the 4th over - 0 runs, 0 hits, 0 errors, 0 left on base; Buffalo 0 - San Mateo 1
BOTTOM OF THE 4TH
San Mateo Dirty Reds batting - Pitching for Buffalo White Walkers : RHP Kent Good
Batting: LHB Palaie Gaoteote 0-0: Fly out, F7 (Flyball, 78S, EV 84.4 MPH)
Batting: SHB Dylan Carson 0-0: SINGLE (Line Drive, 56D, EV 102.5 MPH)
Batting: LHB Yao-pang Chiang 0-0: Called Strike
0-1: Ball
1-1: Called Strike
1-2: Grounds into double play, 1-6-3 (Groundball, 13, EV 86.9 MPH)
Bottom of the 4th over - 0 runs, 1 hit, 0 errors, 0 left on base; Buffalo 0 - San Mateo 1
TOP OF THE 5TH
Buffalo White Walkers batting - Pitching for San Mateo Dirty Reds : RHP Anastasio Cabanillas Jr.
Batting: RHB Tom Smythe 0-0: Ball
1-0: Ball
2-0: TRIPLE (Flyball, 89XD, EV 96.9 MPH)
Batting: LHB Gilberto Ocasio 0-0: Ball
1-0: Ball
2-0: Called Strike
2-1: Foul Ball, location: 2F
2-2: Ground out 3-1 (Groundball, 34S, EV 83.1 MPH)
Tom Smythe scores
Batting: RHB Lester Kwiatkowski 0-0: Foul Ball, location: 2F
0-1: Swinging Strike
0-2: Foul Ball, location: 2F
0-2: Ball
1-2: Ball
2-2: Strikes out looking
Batting: RHB Daryl Yandell 0-0: Called Strike
0-1: Foul Ball, location: 2F
0-2: Ball
1-2: Foul Ball, location: 2F
1-2: Foul Ball, location: 2F
1-2: Ball
2-2: Foul Ball, location: 2F
2-2: Foul Ball, location: 2F
2-2: Fly out, F8 (Flyball, 8RS, EV 78.1 MPH)
Top of the 5th over - 1 run, 1 hit, 0 errors, 0 left on base; Buffalo 1 - San Mateo 1
BOTTOM OF THE 5TH
San Mateo Dirty Reds batting - Pitching for Buffalo White Walkers : RHP Kent Good
Batting: RHB Sergio Vásquez 0-0: Called Strike
0-1: Ball
1-1: Called Strike
1-2: Ball
2-2: Ball
3-2: Fly out, F9 (Flyball, 89D, EV 100.6 MPH)
Batting: LHB Rio Mence 0-0: Ball
1-0: Called Strike
1-1: Fly out, F8 (Line Drive, 8RM, EV 95.0 MPH)
Batting: RHB Nelson Jaramillo 0-0: Foul Ball, location: 2F
0-1: Called Strike
0-2: Ball
1-2: Strikes out swinging
Bottom of the 5th over - 0 runs, 0 hits, 0 errors, 0 left on base; Buffalo 1 - San Mateo 1
TOP OF THE 6TH
Buffalo White Walkers batting - Pitching for San Mateo Dirty Reds : RHP Anastasio Cabanillas Jr.
Batting: LHB Jesús Lazcano 0-0: Foul Ball, location: 2F
0-1: Ball
1-1: Ball
2-1: Swinging Strike
2-2: Ball
3-2: SINGLE (Groundball, 56D, EV 99.4 MPH)
Batting: SHB Max Bortenschlager 0-0: Bunted foul
0-1: Sac Bunt to 15 - play at first, batter OUT! 1-4
Jesús Lazcano to second
Batting: SHB Je-myung Yu 0-0: Called Strike
0-1: Called Strike
0-2: Strikes out looking
Batting: RHB Derek Bangert 0-0: Called Strike
0-1: Foul Ball, location: 2F
0-2: Ball
1-2: Ball
2-2: Ball
3-2: 2-RUN HOME RUN (Flyball, 8RXD, EV 108.8 MPH), Distance : 431 ft
Batting: LHB Dread Roberts 0-0: Ground out 4-3 (Groundball, 34, EV 101.9 MPH)
Top of the 6th over - 2 runs, 2 hits, 0 errors, 0 left on base; Buffalo 3 - San Mateo 1
BOTTOM OF THE 6TH
San Mateo Dirty Reds batting - Pitching for Buffalo White Walkers : RHP Kent Good
Batting: LHB Richard Edwards 0-0: Called Strike
0-1: Swinging Strike
0-2: Strikes out looking
Batting: RHB Kameron Guangorena 0-0: Ball
1-0: Ball
2-0: Called Strike
2-1: SINGLE (Groundball, 34D, EV 110.0 MPH)
Batting: RHB Daniel McCoy 0-0: Ball
1-0: Swinging Strike
1-1: Ball
2-1: Ball
3-1: Foul Ball, location: 2F
3-2: 2-RUN HOME RUN (Flyball, 9D, EV 103.8 MPH), Distance : 349 ft
Batting: LHB Palaie Gaoteote 0-0: Ball
1-0: Called Strike
1-1: Called Strike
1-2: Ball
2-2: Ball
3-2: Foul Ball, location: 2F
3-2: Strikes out looking
Batting: SHB Dylan Carson 0-0: Fly out, F8 (Flyball, 8LM, EV 91.9 MPH)
Bottom of the 6th over - 2 runs, 2 hits, 0 errors, 0 left on base; Buffalo 3 - San Mateo 3
TOP OF THE 7TH
Buffalo White Walkers batting - Pitching for San Mateo Dirty Reds : RHP Anastasio Cabanillas Jr.
Batting: RHB Tom Smythe 0-0: Ball
1-0: Foul Ball, location: 2F
1-1: Swinging Strike
1-2: Strikes out swinging
Pitching: LHP Urs Ehles
Batting: LHB Gilberto Ocasio 0-0: Ball
1-0: SINGLE (Line Drive, 89M, EV 98.8 MPH)
Batting: RHB Lester Kwiatkowski 0-0: Ball
1-0: Swinging Strike
1-1: Ball
2-1: Ball
3-1: Foul Ball, location: 2F
3-2: Base on Balls
Gilberto Ocasio to second
Batting: RHB Daryl Yandell 0-0: Ball
1-0: Ball
2-0: Ball
3-0: Called Strike
3-1: Called Strike
3-2: Strikes out swinging
Batting: LHB Jesús Lazcano 0-0: Called Strike
0-1: Ball
1-1: Ball
2-1: Foul Ball, location: 2F
2-2: Foul Ball, location: 2F
2-2: Strikes out looking
Top of the 7th over - 0 runs, 1 hit, 0 errors, 2 left on base; Buffalo 3 - San Mateo 3
BOTTOM OF THE 7TH
San Mateo Dirty Reds batting - Pitching for Buffalo White Walkers : RHP Kent Good
Batting: LHB Yao-pang Chiang 0-0: Ball
1-0: Ball
2-0: Called Strike
2-1: Foul Ball, location: 2F
2-2: SINGLE (Line Drive, 78M, EV 96.2 MPH)
Pitching: LHP Suezo Amano
Batting: RHB Sergio Vásquez 0-0: Bunt missed!
0-1: Sac Bunt to 25 - play at first, batter OUT! 5-4
Yao-pang Chiang to second
Batting: LHB Rio Mence 0-0: Called Strike
0-1: Ground out 4-3 (Groundball, 4, EV 85.0 MPH)
Yao-pang Chiang to third
Batting: RHB Nelson Jaramillo 0-0: Called Strike
0-1: Ball
1-1: Ball
2-1: Ball
3-1: Base on Balls
Batting: LHB Richard Edwards 0-0: Ball
1-0: Called Strike
1-1: Foul Ball, location: 2F
1-2: Ball
2-2: Fielders Choice at 2nd, U4 (Groundball, 4M, EV 105.0 MPH)
Bottom of the 7th over - 0 runs, 1 hit, 0 errors, 2 left on base; Buffalo 3 - San Mateo 3
TOP OF THE 8TH
Buffalo White Walkers batting - Pitching for San Mateo Dirty Reds : LHP Urs Ehles
Batting: SHB Max Bortenschlager 0-0: Called Strike
0-1: Ball
1-1: Called Strike
1-2: Strikes out swinging
Batting: SHB Je-myung Yu 0-0: Foul Ball, location: 2F
0-1: Ball
1-1: Ball
2-1: Called Strike
2-2: Foul Ball, location: 2F
2-2: Foul Ball, location: 2F
2-2: Foul Ball, location: 2F
2-2: Foul Ball, location: 2F
2-2: Strikes out swinging
Batting: RHB Derek Bangert 0-0: Fly out, F7 (Line Drive, 7, EV 90.0 MPH)
Top of the 8th over - 0 runs, 0 hits, 0 errors, 0 left on base; Buffalo 3 - San Mateo 3
BOTTOM OF THE 8TH
San Mateo Dirty Reds batting - Pitching for Buffalo White Walkers : LHP Suezo Amano
Batting: RHB Kameron Guangorena 0-0: Swinging Strike
0-1: Ball
1-1: Foul Ball, location: 2F
1-2: Ball
2-2: Strikes out swinging
Batting: RHB Daniel McCoy 0-0: Foul Ball, location: 2F
0-1: Swinging Strike
0-2: Foul Ball, location: 2F
0-2: Strikes out looking
Batting: LHB Palaie Gaoteote 0-0: Fly out, F9 (Line Drive, 9, EV 83.8 MPH)
Bottom of the 8th over - 0 runs, 0 hits, 0 errors, 0 left on base; Buffalo 3 - San Mateo 3
TOP OF THE 9TH
Buffalo White Walkers batting - Pitching for San Mateo Dirty Reds : LHP Urs Ehles
Pinch Hitting: RHB Luis Tañón 0-0: Swinging Strike
0-1: Ball
1-1: Hit by Pitch
Pitching: RHP Yoshii Ikeda
Batting: RHB Tom Smythe 0-0: Called Strike
0-1: Ball
1-1: TRIPLE (Flyball, 78XD, EV 95.6 MPH)
Luis Tañón scores
Batting: LHB Gilberto Ocasio 0-0: Intentional Walk
Batting: RHB Lester Kwiatkowski 0-0: Ball
1-0: SINGLE (Line Drive, 7S, EV 96.2 MPH)
Tom Smythe scores
Gilberto Ocasio to second
Batting: RHB Daryl Yandell 0-0: Called Strike
0-1: Foul Ball, location: 2F
0-2: Ball
1-2: Ball
Wild Pitch!
Gilberto Ocasio to third
Lester Kwiatkowski to second
2-2: Ball
3-2: Ground out 6-3 (Groundball, 6, EV 108.8 MPH)
Gilberto Ocasio scores
Batting: LHB Jesús Lazcano 0-0: Ball
1-0: Ball
2-0: Ground out 6-3 (Groundball, 6M, EV 90.6 MPH)
Lester Kwiatkowski to third
Batting: SHB Max Bortenschlager 0-0: SINGLE (Groundball, 6M, EV 85.0 MPH) (infield hit)
Lester Kwiatkowski scores
Pitching: RHP José Barquero
Batting: SHB Je-myung Yu 0-0: Ball
1-0: Swinging Strike
1-1: Foul Ball, location: 2F
1-2: SINGLE (Line Drive, 9S, EV 105.0 MPH)
Max Bortenschlager to second
Batting: RHB Derek Bangert 0-0: Foul Ball, location: 2F
0-1: Ball
1-1: Ball
2-1: Fielders Choice at 2nd, 6-4 (Groundball, 6, EV 86.9 MPH)
Top of the 9th over - 4 runs, 4 hits, 0 errors, 2 left on base; Buffalo 7 - San Mateo 3
BOTTOM OF THE 9TH
San Mateo Dirty Reds batting - Pitching for Buffalo White Walkers : LHP Suezo Amano
Now in LF: Luis Tañón
Batting: SHB Dylan Carson 0-0: Called Strike
0-1: Foul Ball, location: 2F
0-2: Strikes out looking
Batting: LHB Yao-pang Chiang 0-0: Called Strike
0-1: Fly out, F8 (Flyball, 8LS, EV 93.8 MPH)
Pitching: LHP Masamichi Nakagawa
Batting: RHB Sergio Vásquez 0-0: Called Strike
0-1: Ball
1-1: Called Strike
1-2: Strikes out swinging
Bottom of the 9th over - 0 runs, 0 hits, 0 errors, 0 left on base; Buffalo 7 - San Mateo 3
Friday, April 17th, 2020 - OOTP Baseball 20.8 Build 74